 Dungeon Crawl Stone Soup version 0.19.1-1-g22dce08 (webtiles) character file.

128 HessuHobo the Conjurer (level 4, 0/24 HPs)
             Began as a Deep Elf Conjurer on Dec 28, 2016.
             Killed by divine providence
             ... invoked by an orc priest
              (11 damage)
             ... on level 3 of the Dungeon.
             The game lasted 00:05:45 (3519 turns).

HessuHobo the Conjurer (Deep Elf Conjurer)          Turns: 3519, Time: 00:05:46

Health: 0/24       AC:  3    Str:  3 (6)  XL:     4   Next: 87%
Magic:  5/10       EV: 13    Int: 20      God:
Gold:   166        SH:  0    Dex: 14 (15) Spells: 2 memorised, 6 levels left

rFire  . . .     SeeInvis .     k - +5 dagger
rCold  . . .     Gourm    .     a - +1 robe
rNeg   . . .     Faith    .     (no shield)
rPois  .         Spirit   .     (no helmet)
rElec  .         Reflect  .     (no cloak)
rCorr  .         Harm     .     (no gloves)
MR     .....                    (no boots)
Stlth  ++........               (no amulet)
                                (no ring)
                                (no ring)

@: no status effects
A: no striking features
a: no special abilities


You were on level 3 of the Dungeon.
You were not hungry.

You visited 1 branch of the dungeon, and saw 3 of its levels.

You collected 166 gold pieces.

Inventory:

Hand Weapons
 g - a +0 dagger
 k - a +5 dagger (weapon)
Armour
 a - a +1 robe (worn)
Jewellery
 j - an uncursed ring of magical power
Wands
 q - a wand of paralysis (10/24)
Scrolls
 d - 3 scrolls of remove curse
 f - 3 scrolls of identify
 h - 2 scrolls of amnesia
Potions
 e - a potion of lignification
Books
 b - a book of Conjurations

   Spells                             Type                      Level
   a - Magic Dart                     Conjuration                  1
   b - Searing Ray                    Conjuration                  2
   c - Dazzling Spray                 Conjuration/Hexes            3
   d - Fulminant Prism                Conjuration/Hexes            4
   e - Iskenderun's Mystic Blast      Conjuration                  4
   f - Iskenderun's Battlesphere      Conjuration/Charms           5
Comestibles
 c - 2 bread rations
 m - a slice of pizza
 o - a meat ration


   Skills:
 + Level 0.4 Fighting
 - Level 2.4 Dodging
 - Level 2.4 Stealth
 - Level 3.0 Spellcasting
 + Level 6.8 Conjurations


You had 6 spell levels left.
You knew the following spells:

 Your Spells              Type           Power        Failure   Level  Hunger
a - Magic Dart            Conj           ####         1%          1    None
b - Searing Ray           Conj           ####..       1%          2    ##.....


Dungeon Overview and Level Annotations

Branches:
Dungeon (3/15)

Altars:
Makhleb

Annotations:
D:2 1 exclusion, Sigmund


Message History

Aim: an orc priest, wielding a flail (lightly wounded)
The magic dart hits the orc priest.
The orc priest is severely wounded.
Casting: Magic Dart
Confirm with . or Enter, or press ? or * to list all spells.
Aiming: Magic Dart
Press: ? - help, Shift-Dir - straight line, f/p - orc priest
Aim: an orc priest, wielding a flail (severely wounded)
The magic dart hits the orc priest.
The orc priest is severely wounded.
Casting: Magic Dart
Confirm with . or Enter, or press ? or * to list all spells.
Aiming: Magic Dart
Press: ? - help, Shift-Dir - straight line, f/p - orc priest
Aim: an orc priest, wielding a flail (severely wounded)
The magic dart hits the orc priest.
The orc priest is almost dead.
The orc priest invokes the aid of Beogh against you.
Beogh smites you!
You die...

....# .... .... .#
..
.##..######.#..#.#
'.o......#.#..#.##
#................
#.......#.##...#
#@......#.##...#
#..........<...##
##..............#
#.#...##.##.#.###
#)######.........
#.# ##<.....## #.#
####'##.# #.#
#.....#.# #.#
#.....#.#


You could see an orc priest.

Vanquished Creatures
  An orc priest (D:3)
  2 adders
  An ooze (D:2)
  A worm (D:2)
  4 dart slugs
  A leopard gecko (D:1)
  3 orcs (D:3)
  5 bats
  3 giant cockroaches
  10 goblins
  7 hobgoblins
  2 jackals (D:1)
  A quokka (D:2)
  A ball python (D:2)
  5 frilled lizards
  7 kobolds
  7 rats
61 creatures vanquished.

Notes
Turn   | Place    | Note
-------+----------+-------------------------------------------
     0 | D:1      | HessuHobo the Deep Elf Conjurer began the quest for the Orb.
     0 | D:1      | Reached XP level 1. HP: 10/10 MP: 6/6
   374 | D:1      | Reached XP level 2. HP: 15/15 MP: 5/8
   458 | D:1      | Reached skill level 5 in Conjurations
  1095 | D:1      | Reached XP level 3. HP: 11/19 MP: 5/9
  1444 | D:2      | Learned a level 2 spell: Searing Ray
  1530 | D:2      | Found a burning altar of Makhleb.
  1957 | D:2      | Reached skill level 6 in Conjurations
  1969 | D:2      | Noticed Sigmund
  2647 | D:2      | Reached XP level 4. HP: 24/24 MP: 3/10
  3519 | D:3      | Killed from afar by an orc priest

Skill      XL: |  1  2  3 |
---------------+----------+-----
Conjurations   | 5 6 |  6.8
Fighting       | |  0.4
Dodging        | |  2.4
Stealth        | |  2.4
Spellcasting   | |  3.0

Action                   |  1- 3 |  4- 6 || total
-------------------------+-------+-------++-------
Melee: Dagger            |     3 |       ||     3
 Cast: Magic Dart        |    91 |    40 ||   131
  Use: Scroll            |       |     6 ||     6
       Potion            |       |     3 ||     3
  Eat: Chunk             |     2 |     1 ||     3
       Bread ration      |     1 |       ||     1
Dodge: Dodged            |     9 |       ||     9
